Workbook

Sheet HUPE-Instrucoes
B2: HUPE / UERJ - Contratação de Serviço contínuo de manutenção preventiva e corretiva de elevadores e montacargas, incluindo fornecimento de ferramentas, peças, acessórios, componentes e etc, novos, genuínos, com mão de obra com dedicação exclusiva, em unidade médico assistencial de saúde
B6: Sr. Licitante,
B8: Os valores deverão ser inseridos nas planilhas, nas diversas abas, seguindo as instruções abaixo.
B10: ABA | D10: Observação
B11: 1. Hupe-Planilha_Custo_Formacao_Precos | D11: Preencher utilizando valores de salários comprováveis pelo sindicato ao qual a empresa e as categorias estejam vinculadas, complementando com outros valores, benefícios e índices, de acordo com a categoria, desde que não contrariem normais legais
B12: 3-Hupe-Ferram & Equipam | D12: Preencher com valores unitários dos itens, o valor global e de profissionais por mês ou anos, será transferido para a planilha 1
B13: 4-Hupe-EPIs Uniformes | D13: Preencher com valores unitários dos itens, o valor global e de profissionais por mês ou anos, será transferido para a planilha 1
B14: 5-Hupe- Uniformes | D14: Preencher com valores unitários dos itens, o valor global e de profissionais por mês ou anos, será transferido para a planilha 1
B16: NÃO PREENCHER AS ABAS INDICADAS ABAIXO, pois elas serão automaticamente preenchidas:
B18: ABA | D18: Descrição
B19: 2. Hupe-Valor_Global_da_Proposta | D19: Quadro Demonstrativo do Valor Global da Proposta, será preenchido automaticamente

Sheet 1-HUPE-PL_Custo_Formacao_Pre
B2: PLANILHA DE CUSTOS E FORMAÇÃO DE PREÇOS
C3: HUPE / UERJ Contratação de Serviço contínuo de manutenção preventiva e corretiva de elevadores e montacargas, incluindo fornecimento de ferramentas, peças, acessórios, componentes e etc, novos, genuínos, com mão de obra com dedicação exclusiva, em unidade médico assistencial de saúde.
C5: Nº do Processo: | D5: Sigla do Órgão | E5: UERJ/HUPE
C6: Pregão Eletrônico Nº
C8: DISCRIMINAÇÃO DOS SERVIÇOS
B9: A | C9: Data da Apresentação da Proposta:
B10: B | C10: Município/UF: | F10: Rio de Janeiro/RJ
B11: C | C11: Ano do Acordo Coletivo, Convenção Coletiva ou Sentença Normativa em Dissídio Coletivo: 2024-2026 - SINTRAINDISTAL
B12: D | C12: Número de Meses de Execução Contratual: | F12: 48
B15: DADOS COMPLEMENTARES PARA COMPOSIÇÃO DOS CUSTOS REFERENTE À MÃO DE OBRA | F15: PROFISSIONAL
B16: 1 | C16: Tipo de Serviço (Perfil Profissional) | D16: CBO 954105 | F16: ELETROMECÂNICO
B17: 2 | C17: Escala de Serviço (semanal) | F17: 44 h
B18: 3 | C18: Dias trabalhados no mês | F18: 22
B19: 4 | C19: Salário Normativo da Categoria | D19: SM | E19: 1412 | F19: 2380.35
B20: 5 | C20: Categoria Profissional (vinculada à execução contratual)
B21: 6 | C21: Data base da Categoria (março e setembro)
B22: 7 | C22: Custo Diário para o Repositor | F22: =(F33+F68+F78)/30 -> 166.41
C25: MÓDULO 1 – COMPOSIÇÃO DA REMUNERAÇÃO | F25: Valor
B26: A | C26: Salário Base | F26: =F19 -> 2380.35
B27: B | C27: Adicional Insalubridade (pintor e bombeiro) sobre sal minimo Estadual | D27: 1412 | E27: 0.4 | F27: 0
B28: C | C28: Adicional de Insalubridade (demais profissionais) sobre sal mínimo estadual | D28: 1412 | E28: 0.2 | F28: =$D$28*0.2 -> 282.4
B29: D | C29: Adicional noturno (22:00 a 7:00h) | E29: 0.2 | F29: 0
B30: E | C30: Adicional de Hora Noturna Reduzida (subst por gratificação de função) | F30: 0
B31: F | C31: Adicional de Hora Extra no Feriado Trabalhado | E31: 0 | F31: 0
B32: G | C32: Adicional Periculosidade | E32: 0.3 | F32: 0
C33: TOTAL DA REMUNERAÇÃO | F33: =SUM(F26:F32) -> 2662.75
C35: MÓDULO 2 – ENCARGOS E BENEFÍCIOS ANUAIS, MENSAIS E DIÁRIOS
C37: Submódulo 2.1. – 13° Salário, Férias e Adicional de Férias | E37: % | F37: Valor
B38: A | C38: 13° (décimo terceiro) Salário (1/12 da remuneração) | E38: 0.0833 | F38: =F33*$E$38 -> 221.81
B39: B | C39: Férias e Adicional de Férias | E39: 0.1111 | F39: =$E$39*F33 -> 295.83
C40: TOTAL SUBMÓDULO 2.1. | F40: =SUM(F38:F39) -> 517.64
C43: Submódulo 2.2. – GPS, FGTS e outras contribuições | E43: % | F43: Valor
B44: A | C44: INSS | E44: 0.2 | F44: =(F33+F40)*$E$44 -> 636.08
B45: B | C45: Salário Educação | E45: 0.025 | F45: =(F33+F40)*$E$45 -> 79.51
B46: C | C46: GILL/RAT (Seguro Acidente do Trabalho) (“RAT ajustado” = FAP x RAT) – GFIP | E46: 0.03 | F46: =(F33+F40)*$E$46 -> 95.41
B47: D | C47: SESI ou SESC | E47: 0.015 | F47: =(F33+F40)*$E$47 -> 47.71
B48: E | C48: SENAI ou SENAC | E48: 0.01 | F48: =(F33+F40)*$E$48 -> 31.8
B49: F | C49: SEBRAE | E49: 0.006 | F49: =(F33+F40)*$E$49 -> 19.08
B50: G | C50: INCRA | E50: 0.002 | F50: =$E$50*(F40+F33) -> 6.36
B51: H | C51: FGTS | E51: 0.08 | F51: =(F33+F40)*$E$51 -> 254.43
C52: TOTAL SUBMÓDULO 2.2. | E52: =SUM(E44:E51) -> 0.368 | F52: =SUM(F44:F51) -> 1170.38
C54: Submódulo 2.3. - Benefícios Mensais e Diários
B55: A | C55: Transporte (8,55*2*22)-6% sal base | E55: 17.1 | F55: =IF((F18*$E$55-0.06*F19)<0,0,F18*$E$55-0.06*F19) -> 233.38
B56: B | C56: Auxílio -Refeição/Alimentação (Sindicato=18,40-20% do trabalhador) 368,00 | D56: =18.4*0.8 -> 14.72 | E56: =D56 -> 14.72 | F56: =$E$56*F18 -> 323.84
B57: C | C57: Café da Manhã | E57: 0 | F57: =$E$57*F18 -> 0
B58: D | C58: Seguro de Vida | F58: 0
B59: E | C59: Plano de Saúde | F59: 0
B60: F | C60: Outros (especificar) | F60: 0
C61: TOTAL SUBMÓDULO 2.3. | F61: =SUM(F55:F60) -> 557.22
C62: Nota: descontado o valor eventualmente pago pelo empregado
B64: QUADRO RESUMO MÓDULO 2 – ENCARGOS E BENEFÍCIOS ANUAIS, MENSAIS E DIÁRIOS | F64: Valor
B65: 2.1 | C65: 13° (décimo terceiro) Salário, Férias e Adicional de Férias | F65: =F40 -> 517.64
B66: 2.2 | C66: GPS, FGTS e outras contribuições | F66: =F52 -> 1170.38
B67: 2.3 | C67: Benefícios Mensais e Diários | F67: =F61 -> 557.22
B68: TOTAL | F68: =SUM(F65:F67) -> 2245.24
C70: MÓDULO 3 – PROVISÃO PARA RESCISÃO
B71: 3 | C71: Provisão para Rescisão | E71: % | F71: Valor
B72: A | C72: Aviso prévio indenizado | E72: =(1/12)*5% -> 0.0042 | F72: =(F33*$E$72) -> 11.18
B73: B | C73: Incidência do FGTS sobre Aviso prévio indenizado | E73: =0.08 -> 0.08 | F73: =$E$73*F72 -> 0.89
B74: C | C74: Multa do FGTS sobre Aviso prévio indenizado | E74: 0.0344 | F74: =$E$73*F73 -> 0.07
B75: D | C75: Aviso prévio trabalhado | E75: =((1/30)/12)*7 -> 0.0194 | F75: =F33*$E$75 -> 51.66
B76: E | C76: Incidência dos encargos do Submódulo 2.2 sobre Aviso Prévio Trabalhado | E76: =E52*E75 -> 0.0071 | F76: =F33*$E$76 -> 18.91
B77: F | C77: Multa do FGTS sobre o Aviso Prévio Trabalhado | E77: 0.0006 | F77: =F33*$E$77 -> 1.6
B78: TOTAL SUBMÓDULO 3 | E78: =SUM(E72:E77) -> 0.1457 | F78: =SUM(F72:F77) -> 84.31
C80: MÓDULO 4 – CUSTO DE PROVISÃO DO PROFISSIONAL AUSENTE
B82: 4.1 | C82: Ausências legais | E82: % | F82: Valor
B83: A | C83: Substituo na cobertura de Férias | E83: =1/12 -> 0.0833 | F83: =$E$83*F33 -> 221.81
B84: B | C84: Substituto na cobertura de Ausências Legais (doação de sangue, nojo e etc.) | E84: =((1/30)/12)*1 -> 0.0028 | F84: =$E$84*F33 -> 7.46
B85: C | C85: substituto na cobertura de Licença-Paternidade | E85: =(((1/30)/12)*5)*0.015 -> 0.0002 | F85: =$E$85*F33 -> 0.53
B86: D | C86: Substituto na cobertura de Ausência por acidente de trabalho | E86: 0.0007 | F86: =$E$86*F33 -> 1.86
B87: E | C87: Substituto na cobertura de Afastamento Maternidade | E87: =11.11%*1%*50% -> 0.0006 | F87: =$E$87*F33 -> 1.6
B88: F | C88: Substituto na cobertura de Outras ausências (doenças) | E88: =5/30/12 -> 0.0139 | F88: =$E$88*F33 -> 37.01
B89: G | C89: Incidência dos Encargos do Submódulo 2.2 sobre as ausências legais | E89: 0 | F89: =SUM(F83:F88)*$E$52 -> 99.46
B90: Subtotal | E90: =SUM(E83:E89) -> 0.1015 | F90: =SUM(F83:F89) -> 369.73
B92: 4.1.1 | C92: Afastamentos / reposição | D92: Necessidade de Reposição (dias/ano) | E92: % | F92: Valor
B93: A | C93: Férias acrescidas de 1/3 pagas sobre custo de reposição | E93: =(E90-E87)*(1+1/12+(1/3*1/12)) -> 0.1121 | F93: =$E$93*F33 -> 298.49
B94: B | C94: Incidências dos Encargos do Submódulo 2.2 sobre as Férias acrescidas de 1/3 e sobre custo de Reposição | E94: =E52*E93 -> 0.0413 | F94: =$E$94*F90 -> 15.27
B95: C | C95: Incidência do Submódulo 2.2 sobre a Remuneração e o 13º Salário sobre custo de reposição | E95: =E52*(1/12+1/12) -> 0.0613 | F95: =$E$95*F90 -> 22.66
B96: D | C96: Outros
B97: Subtotal | E97: =SUM(E93:E96) -> 0.2147 | F97: =SUM(F93:F95) -> 336.42
B98: TOTAL SUBMÓDULO 4.1. | F98: =F90+F97 -> 706.15
B99: 4.2 | C99: Intrajornada | F99: Valor
B100: A | C100: Intervalo para repouso ou alimentação | F100: 0
B101: B | C101: Incidência dos Encargos do Submódulo 2.2 sobre o item 4.2. | F101: 0
C102: TOTAL SUBMÓDULO 4.2. | F102: 0
B104: QUADRO RESUMO MÓDULO 4 – CUSTO DE REPOSIÇÃO DO PROFISSIONAL AUSENTE | F104: Valor
B105: 4.1 | C105: Ausências legais | F105: =F98 -> 706.15
B106: 4.2 | C106: Intrajornada | F106: =F102 -> 0
B107: TOTAL MÓDULO 4 | F107: =SUM(F105:F106) -> 706.15
C109: MÓDULO 5 – INSUMOS DIVERSOS
C111: MÓDULO 5 – Insumos Diversos | F111: Valor
B112: A | C112: Uniformes (vide insumos planilha 5- uniformes) | E112: ='5-Hupe-Uniformes'!D13 -> 31.84 | F112: =$E$112 -> 31.84
B113: B | C113: Materiais – EPI's e EPC's (vide cálculo de insumos planilha 4- EPI's & EPC's) | E113: ='4-Hupe-EPIs'!D20 -> 39.88 | F113: =$E$113 -> 39.88
B114: C | C114: Equipamentos e Ferramental (vide memória de cálculo em planilha 3-Ferram & Equip) | E114: ='3-Hupe- Ferram & Equip'!D48 -> 69.44 | F114: =$E$114 -> 69.44
B115: D | C115: Serviços e Provisões (vide memória de cálculo em planilha 6- Custo elevador) p/ | D115: eletromecânico | E115: ='6-Custo elevador'!C17 -> 16163.81 | F115: =$E$115 -> 16163.81
B116: E | C116: Outros | E116: 0 | F116: =$E$116 -> 0
C117: TOTAL DE INSUMOS DIVERSOS | F117: =SUM(F112:F116) -> 16304.97
C119: VALOR TOTAL DO POSTO | F119: =SUM(F33+F68+F78+F107+F117) -> 22003.42
B121: MÓDULO 6 – CUSTOS INDIRETOS, TRIBUTOS E LUCRO | F121: Valor
B122: A | C122: Custos Indiretos (AC+SG+R+DF+O) | D122: Percentual | E122: 0.06
...

Sheet III_A_B_LucroReal
C2: ANEXO III-A | D2: Lucro Real
C3: MÃO DE OBRA
C4: MÃO DE OBRA VINCULADA À EXECUÇÃO CONTRATUAL
C6: Nº do Processo 63064.001225/2015-43 | D6: Sigla do Órgão | E6: HNNa
C7: Pregão Eletrônico Nº 08/2015 | D7: UASG | E7: 783701
C8: Dia ___/07/2015 9 (nove) horas – Horário de Brasília DF
C10: DISCRIMINAÇÃO DOS SERVIÇOS
B11: A | C11: Data da Apresentação da Proposta: ___/07/2015
B12: B | C12: Município/UF:
B13: C | C13: Ano do Acordo Coletivo, Convenção Coletiva ou Sentença Normativa em Dissídio Coletivo:
B14: D | C14: Número de Meses de Execução Contratual:
B17: DADOS COMPLEMENTARES PARA COMPOSIÇÃO DOS CUSTOS REFERENTE À MÃO DE OBRA
B18: 1 | C18: Tipo de Serviço
B19: 2 | C19: Salário Normativo da Categoria | E19: 0
B20: 3 | C20: Categoria Profissional (vinculada à exceução contratual)
B21: 4 | C21: Data base da Categoria (dia/mês/ano)
C22: Nota: deverão ser elaboradas 10 planilhas, uma para cada tipo de serviço - categoria profissional
C24: MÓDULO 1 – COMPOSIÇÃO DA REMUNERAÇÃO | E24: Valor
B25: A | C25: Salário Base | E25: =E19 -> 0
B26: B | C26: Adicional de Intrajornada (apenas motorista diurno e motorista noturno) | D26: 0.5 | E26: 0
B27: C | C27: Adicional de insalubridade (TODOS) 20% sobre o salário mínimo | D27: 0.2 | E27: 0
B28: D | C28: Adicional noturno (apenas motorista noturno) | D28: 0.3 | E28: 0
B29: E | C29: Hora noturna adicional (apenas motorista noturno) | E29: 0
B30: F | C30: Outros (Dobra de 100% nos feriados, conforme Súmula n° 444 do TST) considerar 12 feriados para escala 12x36 | E30: 0
B31: G | C31: Outros (Reflexo sobre Descanso Semanal Remunerado – DSR) apenas motorista diurno e motorista noturno | E31: 0
C32: TOTAL DA REMUNERAÇÃO | E32: =SUM(E25:E31) -> 0
C33: Nota: adicional de periculosidade não se aplica a este pregão
C34: MÓDULO 2 – BENEFÍCIOS MENSAIS E DIÁRIOS | E34: Valor
B35: A | C35: Transporte (52 vales para Supervisor e Jardineiro, 44 vales para 44h, 30 vales para 12x36) | E35: 0
B36: B | C36: Auxílio alimentação (vales, cesta básica, entre outros) | E36: 0
B37: C | C37: Assistência médica e familiar | E37: 0
B38: D | C38: Auxílio creche | E38: 0
B39: E | C39: Seguro de vida, invalidez e funeral | E39: 0
B40: F | C40: Outros (especificar) | E40: 0
C41: TOTAL DE BENEFÍCIOS MENSAIS E DIÁRIOS | E41: =SUM(E35:E40) -> 0
C42: Nota: o valor informado deverá ser o custo real do insumo (descontado o valor eventualmente pago pelo empregado)
C44: MÓDULO 3 – INSUMOS DIVERSOS | E44: Valor
B45: A | C45: Uniformes | E45: 0
B46: B | C46: Equipamentos de Proteção Individual – EPI | E46: 0
B47: C | C47: Registrador de Ponto Eletrônico – REP | E47: 0
B48: D | C48: Outros (especificar) | E48: 0
C49: TOTAL DE INSUMOS DIVERSOS | E49: =SUM(E45:E48) -> 0
C50: Nota: Valores mensais por empregado
C51: MÓDULO 4 – ENCARGOS SOCIAIS E TRABALHISTAS
B53: 4.1 | C53: Encargos previdenciários, FGTS e outras contribuições | D53: % | E53: Valor
B54: A | C54: INSS | E54: =$E$32*D54 -> 0
B55: B | C55: SESI ou SESC | E55: =$E$32*D55 -> 0
B56: C | C56: SENAI ou SENAC | E56: =$E$32*D56 -> 0
B57: D | C57: INCRA | E57: =$E$32*D57 -> 0
B58: E | C58: Salário Educação | E58: =$E$32*D58 -> 0
B59: F | C59: FGTS | E59: =$E$32*D59 -> 0
B60: G | C60: Seguro acidente do trabalho (“RAT ajustado” = FAP x RAT) comprovar por meio de GFIP | E60: =$E$32*D60 -> 0
B61: H | C61: SEBRAE | E61: =$E$32*D61 -> 0
C62: TOTAL | D62: =SUM(D52:D61) -> 0 | E62: =SUM(E52:E61) -> 0
C63: Nota 1: Os % dos encargos previdenciários, do FGTS e demais contribuições são aqueles estabelecidos pela legislação vigente.
C64: Nota 2: Percentuais (%) incidentes sobre a remuneração.
B66: 4.2 | C66: 13º (décimo-terceiro) salário | E66: Valor
B67: A | C67: 13º (décimo-terceiro) salário (8,33%) | E67: =$E$32*0.0833 -> 0
B68: B | C68: Adicional de Férias (12,10%) | E68: =$E$32*0.121 -> 0
C69: Subtotal | E69: =$E$67+$E$68 -> 0
B70: C | C70: Incidência dos encargos previstos no Submódulo 4.1 sobre 13º Salário e Adicional de Férias (multiplicar por 7,39%; 7,60% ou 7,82% respectivamente para as alíquotas de contribuição de 1%, 2% ou 3% previstas no art. 22, inciso II, Lei nº 8.212/91) | E70: =$E$69*0 -> 0
B71: TOTAL | E71: =SUM(E69:E70) -> 0
B73: 4.3 | C73: Afastamento Maternidade | E73: Valor
B74: A | C74: Afastamento Maternidade (multiplicar pelo % de incidência de ocorrência) | E74: =($E$32+$E$32/3)*(4/12)/12*0 -> 0
B75: B | C75: Incidência dos encargos do Submódulo 4.1 sobre Afastamento Maternidade | E75: =$E$74*$D$62 -> 0
B76: TOTAL | E76: =SUM(E74:E75) -> 0
B78: 4.4 | C78: Provisão para Rescisão | E78: Valor
B79: A | C79: Aviso prévio indenizado (5%) | E79: =($E$32/12)*0.05 -> 0
B80: B | C80: Incidência do FGTS sobre Aviso prévio indenizado (8%) | E80: =D59*E79 -> 0
B81: C | C81: Multa sobre FGTS e Contribuições Sociais sobre o Aviso prévio indenizado (zerar) | E81: 0
B82: D | C82: Aviso prévio trabalhado (1,94%) | E82: =$E$32*0.0194 -> 0
B83: E | C83: Incidência dos encargos do Submódulo 4.1 sobre o Aviso prévio trabalhado | E83: =E82*D62 -> 0
B84: F | C84: Multa sobre FGTS e Contribuições Sociais sobre o Aviso prévio trabalhado (5%) | E84: =$E$32*0.05 -> 0
B85: TOTAL | E85: =E79+E80+E81+E82+E83+E84 -> 0
B87: 4.5 | C87: Composição do Custo de Reposição do Profissional Ausente | E87: Valor
B88: A | C88: Férias e terço constitucional de férias (zerar) | E88: 0
B89: B | C89: Ausência por doença (multiplicar pela QT média de faltas por ano) | E89: =($E$32/30)/12*0 -> 0
B90: C | C90: Licença paternidade (multiplicar pelo % de incidência de ocorrência) | E90: =($E$32/30)/12*5*0 -> 0
B91: D | C91: Ausências legais (multiplicar pela QT média de ausências por ano) | E91: =($E$32/30)/12*0 -> 0
B92: E | C92: Ausência por acidente de trabalho (multiplicar pelo % de incidência de acidentes) | E92: =($E$32/30)/12*15*0 -> 0
B93: F | C93: Outros (especificar) | E93: 0
B94: Subtotal | E94: =SUM(E88:E93) -> 0
B95: G | C95: Incidência dos encargos do submódulo 4.1 sobre o Custo de Reposição do Profissional Ausente | E95: =E94*D62 -> 0
B96: TOTAL | E96: =E94+E95 -> 0
B98: QUADRO RESUMO MÓDULO 4 – ENCARGOS SOCIAIS E TRABALHISTAS | E98: Valor
B99: 4.1 | C99: Encargos previdenciários, FGTS e outras contribuições | E99: =E62 -> 0
B100: 4.2 | C100: 13º (décimo-terceiro) salário | E100: =E71 -> 0
B101: 4.3 | C101: Afastamento Maternidade | E101: =E76 -> 0
B102: 4.4 | C102: Custo de Rescisão | E102: =E85 -> 0
B103: 4.5 | C103: Custo de Reposição do Profissional Ausente | E103: =E96 -> 0
B104: 4.6 | C104: Outros (especificar) | E104: 0
B105: TOTAL | E105: =SUM(E99:E104) -> 0
B107: MÓDULO 5 – CUSTOS INDIRETOS, TRIBUTOS E LUCRO | D107: % | E107: Valor
B108: A | C108: Custos Indiretos | D108: 0 | E108: =E136*D108 -> 0
B109: B | C109: Lucro | D109: 0 | E109: =(E131+E108)*D109 -> 0
B110: C | C110: Tributos (Na célula D110, inserir Fator = 0,9135 para Lucro Presumido ou Optante pelo Simples Nacional; Fator = 0,8575 para Lucro Real) | D110: 0.8575 | E110: =($E$131+$E$108+$E$109)/D110 -> 0 | F110: =$E$133 -> 0
C111: C.1 Tributos federais (COFINS + PIS) | D111: 0.0925 | E111: =($E$110*0.0165)+($E$110*0.076) -> 0
C112: C.2 Tributos estaduais (especificar) | D112: 0 | E112: 0
C113: C.3 Tributos municipais (ISS) | D113: 0.05 | E113: =($E$110*0.05) -> 0
B114: TOTAL | D114: =SUM(D108:D113)-D110 -> 0.1425 | E114: =SUM(E108,E109,E111,E112,E113) -> 0
...

Sheet 2-HUPE_Valor_Global_da_Proposta
A2: HUPE / UERJ Contratação de Serviço contínuo de manutenção preventiva e corretiva de elevadores e montacargas, incluindo fornecimento de ferramentas, peças, acessórios, componentes e etc, novos, genuínos, com mão de obra com dedicação exclusiva, em unidade assistencial de saúde.
A3: HUPE - QUADRO DEMONSTRATIVO DO VALOR GLOBAL DA PROPOSTA
C4: NÚMERO DE MESES DO CONTRATO = | D4: 48 | E4: 45413
A6: Grupo | B6: Item | C6: Tipo de Serviço - Categoria Profissional (A) | D6: VALOR MENSAL DOS SERVIÇOS (R$) | E6: VALOR GLOBAL DOS SERVIÇOS (valor mensal multiplicado pelo número de meses do contrato = 48) (R$)
A8: EQUIPE TÉCNICA | B8: 1 | C8: 2 ELETROMECÂNICOS + peças, insumos,compenentes, suporte tecnico da empresa etc. | D8: =('1-HUPE-PL_Custo_Formacao_Pre'!F152)*2 -> 56220.5 | E8: =$D$4*D8 -> 2698584
B10: VALOR GLOBAL DA PROPOSTA | E10: =SUM(E7:E9) -> 2698584
B13: TOTAL DE EQUIPAMENTO NO CONTRATO | E13: 42
B14: NÚMERO TOTAL DE FUNCIONARIOS | E14: 2
B15: VALOR DO CONTRATO POR EQUIPAMENTO | E15: =E10/E13 -> 64252
B16: VALOR MENSAL POR EQUIPAMENTO | E16: =D8/E13 -> 1338.58
B17: VALOR DO CONTRATO POR PROFISSIONAL POR MÊS (R$/PROF) | E17: =(E10/48)/E14 -> 28110.25
B18: VALOR MENSAL DO SERVIÇO | E18: =D8 -> 56220.5
B20: OBS: O valor mensal por equipamento já considera/inclui os futuros (previsões).

Sheet 3-Hupe- Ferram & Equip
B3: HUPE - ESTIMATIVA FERRAMENTAS ELETROMECÂNICO pesquisa (abr-mai/2024)
B4: ITEM | C4: DESCRIÇÃO DA FERRAMENTA / INSTRUMENTO | D4: UNID | E4: QUANT | F4: VALOR UNIT (R$) | G4: VALOR TOTAL DO ITEM (R$)
B5: 1 | C5: alicate universal 8" | D5: pç | E5: 2 | F5: 5.16 | G5: =E5*F5 -> 10.32
B6: 2 | C6: alicate de bico meia cana 6" | D6: pç | E6: 2 | F6: 68.06 | G6: =E6*F6 -> 136.12
B7: 3 | C7: alicate de corte 6" | D7: pç | E7: 2 | F7: 50.49 | G7: =E7*F7 -> 100.98
B8: 4 | C8: chave inglesa 6" | D8: pç | E8: 2 | F8: 46.3 | G8: =E8*F8 -> 92.6
B9: 5 | C9: chave inglesa 8" | D9: pç | E9: 2 | F9: 56.62 | G9: =E9*F9 -> 113.24
B10: 6 | C10: chave inglesa 10" | D10: pç | E10: 2 | F10: 57.59 | G10: =E10*F10 -> 115.18
B11: 7 | C11: jogo chave allen 9 peças ( 1,5mm a 10mm) | D11: jg | E11: 2 | F11: 45.78 | G11: =E11*F11 -> 91.56
B12: 8 | C12: jogo chave allen 12 peças (1/6" a 7/8") | D12: jg | E12: 2 | F12: 76.91 | G12: =E12*F12 -> 153.82
B13: 9 | C13: chave allen 11mm | D13: pç | E13: 2 | F13: 26 | G13: =E13*F13 -> 52
B14: 10 | C14: chave allen 12mm | D14: pç | E14: 2 | F14: 20.59 | G14: =E14*F14 -> 41.18
B15: 11 | C15: chave fenda 1/8 x 3" | D15: pç | E15: 2 | F15: 13.9 | G15: =E15*F15 -> 27.8
B16: 12 | C16: chave fenda 1/8 x 6" | D16: pç | E16: 2 | F16: 16.35 | G16: =E16*F16 -> 32.7
... B36: 32 | C36: cálibre de cabos de tração, wurtec | D36: pç | E36: 1 | F36: 587 | G36: =E36*F36 -> 587
C37: Radio comunicador de longo alcance (mais de 30Km), mínimo de 20 canais, conforme descrição do Projeto Básico, mod ref. Motorola Talkabout T402 (valor unitário corresponde ao par) | D37: pç | E37: 1 | F37: 626.77 | G37: =E37*F37 -> 626.77
C38: VALOR TOTAL | G38: =SUM(G5:G36) -> 3332.88
B40: OBS.: As ferramentas deverão ser novas, do tipo profissional, de boa qualidade. As marcas de referência são: Gedore, Belzer, Tramontina Pro, ou equivalentes técnicos.
B41: a) A Empresa deverá prover todas as ferramentas necessárias às atividades, mesmo que não inclusas na presente listagem.
B42: b) As ferramentas listadas acima são para uso imediato, nas manutenções preventivas e ficarão disponíveis no HUPE, para uso exclusivo do contrato. Só serão faturadas se comprovada a disponibilidade dessas, em qualquer horário, no Hupe.
B43: c) Para outras atividades que demandem outras ferramentas e/ou equipamentos, será de responsabilidade da contratada providenciar, tanto a mão de obra como os equipamentos, ferramentas, componentes, insumos e etc.
B44: e) A Contratada deverá substiruir todas as ferramentas, no mínimo, a cada 2 anos, ou antes disso, quando estas não estiverem em condições de uso, devendo comprovar a substituição junto à Fiscalização.
C46: Nº de funcionários | D46: 2
C47: Valor total mensal das ferramentas (R$) | D47: =G38/24 -> 138.87
C48: Valor mensal por profissional (R$) | D48: =D47/2 -> 69.44

Sheet 4-Hupe-EPIs
B2: HUPE - ESTIMATIVA EPI'S E EPC's para ELETROMECÂNICO (mai/2024)
B3: ITEM | C3: DESCRIÇÃO | D3: UNID | E3: QUANT/Ano | F3: VALOR UNIT (R$) | G3: VALOR TOTAL DO ITEM (R$)
B4: 1 | C4: capacete de proteção, com suspensão e jugular e CA | D4: pç | E4: 2 | F4: 32.43 | G4: =E4*F4 -> 64.86
B5: 2 | C5: cinto de proteção, tipo paraquedista com CA | D5: pç | E5: 2 | F5: 217.12 | G5: =E5*F5 -> 434.24
B6: 3 | C6: luva raspa de couro, punho 20cm, com CA | D6: par | E6: 4 | F6: 18.44 | G6: =E6*F6 -> 73.76
B7: 4 | C7: luva malha pigmentada, com CA | D7: pç | E7: 12 | F7: 11.89 | G7: =E7*F7 -> 142.68
B8: 5 | C8: luva nitrilica, sem forro, com CA | D8: pç | E8: 12 | F8: 8.32 | G8: =E8*F8 -> 99.84
B9: 6 | C9: óculos de proteção incolor, com regulagem e proteção lateral, com CA | D9: pç | E9: 2 | F9: 12.9 | G9: =E9*F9 -> 25.8
B10: 7 | C10: protetor auricular, tipo plug, em silicole, com CA | D10: pç | E10: 8 | F10: 2 | G10: =E10*F10 -> 16
B11: 8 | C11: cavaletede sinalização duplo, amarelo, em plático rígido medidas aprox de 58x28cm (elevador em manutenção) | D11: pç | E11: 2 | F11: 49.9 | G11: =E11*F11 -> 99.8
C12: VALOR TOTAL | G12: =SUM(G4:G11) -> 956.98
C14: Todos os EPI's a serem fornecidos deverão possuir Certificado de Aprovação.
C15: A Empresa deverá prover todos os EPI's necessário às atividades, mesmo que não inclusos na presente listagem.
C16: Os EPI's e EPC's listados na presente deverão ficar disponíveis no contrato (exclusivamente).
C18: Nº de funcionários | D18: 2
C19: Valor total mensal dos EPI's (R$) | D19: =G12/12 -> 79.75
C20: Valor mensal de EPI, por profissional (R$) | D20: =D19/2 -> 39.88

Sheet 5-Hupe-Uniformes
B3: HUPE- ESTIMATIVA UNIFORMES para ELETROMECÂNICO (mai/2024)
B4: ITEM | C4: DESCRIÇÃO | D4: UNID | E4: QUANT/Ano | F4: VALOR UNIT (R$) | G4: VALOR TOTAL DO ITEM (R$)
B5: 1 | C5: Conjunto Brim com calça tipo cargo e camisa, ambos com bolsos, faixa reflexiva e logotipo da empresa, ou macacão, com as mesmas características. Próprios para o uso a que se propõem, com CA que caracterize EPI. | D5: pç | E5: 4 | F5: 149.9 | G5: =E5*F5 -> 599.6
B6: 2 | C6: Botina em couro ou nobuck preto ou marrom, com CA | D6: pç | E6: 2 | F6: 82.21 | G6: =E6*F6 -> 164.42
C7: VALOR TOTAL (ANUAL) | G7: =SUM(G5:G6) -> 764.02
C9: a) Todos uniformes, independentemente do tipo, deverão ter o logotipo da empresa, bordados ou em silkscreen
C11: Nº de funcionários | D11: 2
C12: Valor total mensal dos uniformes (R$) | D12: =G7/12 -> 63.67
C13: Valor mensal por profissional (R$) | D13: =D12/2 -> 31.84

Sheet 6-Custo elevador
B2: HUPE- PLANILHA DE CUSTO DE MANUTENÇÃO PREVENTIVA E CORRETIVA DOS ELEVADORES
B3: EQUIPAMENTO / DESCRIÇÃO | C3: TIPO | D3: UNID | E3: QUANT | F3: VALOR UNIT (R$) | G3: VALOR TOTAL (R$)
B4: Elevador | C4: pass/maca | D4: unid | E4: 22 | F4: 937.03 | G4: =F4*E4 -> 20614.66
B5: Elevador | C5: hidráulico | D5: unid | E5: 2 | F5: 937.03 | G5: =F5*E5 -> 1874.06
B6: monta carga | C6: até 200kg | D6: unid | E6: 15 | F6: 468.52 | G6: =F6*E6 -> 7027.8
B7: elevador (previsão) | C7: pass/maca | D7: unid | E7: 3 | F7: 937.03 | G7: =F7*E7 -> 2811.09
B8: VALOR TOTAL (MENSAL) | E8: 42 | G8: =SUM(G4:G7) -> 32327.61
B11: a) Os elevadores indicados como previsão só serão faturados após a formalização da disponibilização, pela Fiscalização, para atuação da contratada nesses equipamentos, que deverá, imediatamente, regularizar a operação desses equipamentos junto ao GEM
B12: b) A Contratada deverá, ao assumir os equipamentos futuros, elaborar laudo da situação de conformidade e/ou desconformidade dos referidos equipamentos.
B13: c) O valor estimado para manutenção preventiva e corretiva dos elevadores teve por base pesquisa de contratações públicas, neste caso, sem mão de obra com dedicaçãoes exclusiva. Estes valores lançados na planilha de formação de cutos, adicionando os custos referentes a mão de obra que ficará exclusiva no HUPE
B15: Nº de funcionários | C15: 2
B16: Valor total mensal para elevadores (R$) | C16: =G8 -> 32327.61
B17: Valor mensal para elevadores por profissional (R$) | C17: =C16/C15 -> 16163.81
